 Dungeon Crawl Stone Soup version 0.29-a0-565-g7a16c6de65 (webtiles) character file.

Game seed: 11858551743245614953

5205 Malachi the Frost Mage (level 10, -2/58 HPs)
             Began as a Demonspawn Ice Elementalist on June 12, 2022.
             Was a Priest of Hepliaklqana.
             Slain by a skeletal warrior
             ... wielding a +0 long sword
              (17 damage)
             ... on level 8 of the Dungeon.
             The game lasted 00:23:46 (7506 turns).

Malachi the Frost Mage (DsIE)                       Turns: 7506, Time: 00:23:47

Health: -2/58      AC: 12    Str:  9    XL:     10   Next: 35%
Magic:  16/19      EV: 11    Int: 22    God:    Hepliaklqana [***...]
Gold:   316        SH:  0    Dex: 14    Spells: 10/21 levels left

rFire   . . .      SeeInvis +   q - +0 dagger (venom)
rCold   . . .      Faith    .   (no shield)
rNeg    . . .      Spirit   .   L - +0 troll leather armour
rPois   .          Reflect  .   (no helmet)
rElec   .          Harm     .   M - +0 cloak
rCorr   .          Rampage  .   (no gloves)
Will    .....                   v - +2 pair of boots
Stlth   ++........              c - amulet of regeneration
HPRegen 1.79/turn               I - +4 ring of protection
MPRegen 0.16/turn               y - ring of see invisible

@: no status effects
A: reduced essence, powered by pain 1, spiny 2, big brain 1, weakness stinger 2
a: Renounce Religion, Recall Ancestor, Ancestor Identity, Transference


You were on level 8 of the Dungeon.
You worshipped Hepliaklqana.
Hepliaklqana was most pleased with you.
You visited 2 branches of the dungeon, and saw 9 of its levels.

You collected 316 gold pieces.

Inventory:

Hand Weapons
 q - a +0 dagger of venom (weapon)
Missiles
 m - 12 poisoned darts
 p - 2 curare-tipped darts
 u - 3 datura-tipped darts
 x - 5 silver javelins
Armour
 v - a +2 pair of boots (worn)
 H - a +0 buckler
 L - a +0 troll leather armour (worn)
 M - a +0 cloak (worn)
Jewellery
 c - an amulet of regeneration (around neck)
 t - a ring of protection from fire
 y - a ring of see invisible (right hand)
 A - a ring of fire
 D - an amulet of faith
 I - a +4 ring of protection (left hand)
Wands
 E - a wand of flame (13)
 F - a wand of iceblast (3)
Scrolls
 a - 2 scrolls of identify
 d - 2 scrolls of fear
 j - a scroll of poison
 n - 5 scrolls of blinking {unknown}
 r - 2 scrolls of enchant weapon {unknown}
 w - 4 scrolls of teleportation {unknown}
 B - a scroll of enchant armour {unknown}
 C - a scroll of immolation {unknown}
 G - a scroll of summoning {unknown}
Potions
 b - a potion of magic
 e - 2 potions of invisibility
 f - a potion of mutation
 g - 3 potions of lignification
 h - a potion of attraction
 i - a potion of flight
 k - 3 potions of curing
 l - a potion of haste {unknown}
 o - a potion of cancellation
 s - 4 potions of brilliance
 z - 2 potions of heal wounds {unknown}
 J - a potion of berserk rage {unknown}
 K - a potion of resistance {unknown}
 N - a potion of might {unknown}


   Skills:
 + Level 1.2 Fighting
 + Level 0.7 Throwing
 + Level 1.4 Armour
 - Level 1.7 Dodging
 - Level 1.7 Stealth
 - Level 6.0 Spellcasting
 * Level 5.6 Conjurations
 + Level 12.0 Ice Magic
 + Level 1.2 Evocations


You had 10 spell levels left.
You knew the following spells:

 Your Spells              Type           Power      Damage    Failure   Level
a - Freeze                Ice            100%       1d11      1%          1
b - Frozen Ramparts       Ice            100%       1d12      1%          3
c - Ozocubu's Armour      Ice            56%        N/A       1%          3
d - Hailstorm             Conj/Ice       45%        3d10      3%          4

Your spell library contained the following spells:

 Spells                   Type           Power      Damage    Failure   Level
 Ensorcelled Hibernation  Hex/Ice        66%        N/A       1%          2
 Apportation              Tloc           12%        N/A       12%         1
 Beastly Appendage        Tmut           12%        N/A       12%         1
 Wereblood                Tmut           6%         N/A       19%         2
 Portal Projectile        Hex/Tloc       12%        N/A       36%         3
 Spider Form              Tmut/Pois      6%         N/A       36%         3
 Tukima's Dance           Hex            6%         N/A       36%         3
 Anguish                  Hex/Necr       3%         N/A       77%         4
 Alistair's Intoxication  Tmut/Pois      4%         N/A       98%         5
 Blade Hands              Tmut           3%         N/A       98%         5


Dungeon Overview and Level Annotations

Branches:
Dungeon (8/15)             Temple (1/1) D:4
   Lair: D:8-11

Altars:
Ashenzari
Cheibriados
Dithmenos
Elyvilon
Fedhas
Gozag
Hepliaklqana
Kikubaaqudgha
Makhleb
Nemelex Xobeh
Qazlal
Sif Muna
Trog
Uskayaw
Vehumet
Wu Jian
Xom
Yredelemnul
Zin
The Shining One

Shops:
D:3 *

Annotations:
D:8 2 runed translucent doors, exclusion: door, nj0rd12's ghost, novice GnCj


Innate Abilities, Weirdness & Mutations

Your life essence is reduced to manifest your ancestor. (-10% HP)
You sometimes gain a little power by taking damage.
You are mostly covered in sharp spines.
You have an unusually large brain. (Int +2)
You have a tail ending in a sharp stinger.


Message History

The stone arrow hits the black bear!
The black bear dies!
Your Ice Magic skill increases to level 12!
Unknown command.
Unknown command.
The frozen ramparts melt away as you move.
You see here a killer bee corpse.
You see here a scroll of identify.
You swap places.
Stanko hits the skeletal warrior with a +0 quarterstaff.
You see here a killer bee corpse.
The skeletal warrior attacks as you move away!
The skeletal warrior hits you with a +0 long sword!
Stanko barely misses the skeletal warrior.
Things that are here:
a +0 flail; a +0 ring mail; an orc corpse Unknown command.
The skeletal warrior attacks as you move away!
The skeletal warrior hits you with a +0 long sword!
The skeletal warrior attacks as you move away!
The skeletal warrior hits you with a +0 long sword!
The skeletal warrior attacks as you move away!
The skeletal warrior hits you with a +0 long sword!
There is an open door here.
There is an open door here.
Okay, then.
The skeletal warrior attacks as you move away!
The skeletal warrior is struck by your spines.
The skeletal warrior hits you with a +0 long sword!
* * * LOW HITPOINT WARNING * * *
Stanko points at the skeletal warrior and mumbles some strange words.
The puff of frost hits the skeletal warrior.
The skeletal warrior resists.
Okay, then.
The air fills with toxic fumes!
As you read the scroll labelled YNEWOK RIECHI, it crumbles to dust.
It was a scroll of poison.
The skeletal warrior is struck by your spines.
The skeletal warrior hits you with a +0 long sword!
You die...

###########
#§§§§§§§§§#####
#§§§§§§§§§§§§.#
#§§§§§§§§§###.# #
#§§§§§§@§§#
#################z####
.................§§§.#
...################R§#
#### ############§#
..........)'§#
..........R#.#
########..##.#
#.).#..#


You could see the friendly Stanko the battlemage and a skeletal warrior (ally
target).

Vanquished Creatures
  A hydra (D:8)
  Psyche (D:8)
  A troll (D:8)
  2 wyverns (D:8)
  A yak (D:8)
  2 water moccasins (D:6)
  An orc warrior (D:8)
  A black bear (D:6)
  2 centaurs
  A sky beast (D:8)
  2 ogres (D:4)
  A kobold brigand (D:8)
  3 scorpions
  A bullfrog (D:8)
  2 wights
  7 killer bees (D:8)
  A howler monkey (D:8)
  4 hounds
  A jelly (D:8)
  A gnoll shaman (D:7)
  3 orc priests
  6 iguanas
  2 orc wizards
  6 adders
  5 gnolls
  A white imp (D:7)
  3 worms
  2 dart slugs (D:1)
  32 orcs
  8 ball pythons
  7 bats
  8 endoplasms
  4 giant cockroaches
  13 goblins
  5 hobgoblins
  6 quokkas
  6 frilled lizards
  11 kobolds
  6 rats
170 creatures vanquished.

Vanquished Creatures (collateral kills)
  An acid dragon (D:8)
  A water moccasin (D:8)
  2 black bears
  An ice beast (D:6)
  3 sky beasts
  A kobold brigand (D:7)
  Blork the orc (D:5)
  6 wights
  A killer bee (D:8)
  An orc priest (D:7)
  An iguana (D:6)
  5 orc wizards
  3 gnolls (D:7)
  2 white imps (D:7)
  5 orcs
34 creatures vanquished.

Vanquished Creatures (others)
  2 battlemagi (D:8)
  10 fungi
  3 plants (D:5)
15 creatures vanquished.

Grand Total: 219 creatures vanquished

Notes
Turn   | Place    | Note
-------+----------+-------------------------------------------
     0 | D:1      | Malachi the Demonspawn Ice Elementalist began the quest for
                  | the Orb.
     0 | D:1      | Reached XP level 1. HP: 13/13 MP: 3/3
   226 | D:1      | Reached skill level 4 in Ice Magic
   231 | D:1      | Gained mutation: You are partially covered in sharp spines.
                  | [demonic ancestry]
   231 | D:1      | Reached XP level 2. HP: 19/19 MP: 0/5
  1111 | D:1      | Reached XP level 3. HP: 24/24 MP: 3/6
  1146 | D:1      | Found a faded altar of an unknown god.
  1419 | D:1      | Learned a level 3 spell: Frozen Ramparts
  2481 | D:3      | Reached XP level 4. HP: 30/30 MP: 3/8
  2544 | D:3      | Found Igrouhan's General Store.
  3182 | D:4      | Reached XP level 5. HP: 35/35 MP: 5/10
  3210 | D:4      | Reached skill level 5 in Ice Magic
  3459 | D:4      | Found a staircase to the Ecumenical Temple.
  3483 | Temple   | Entered the Ecumenical Temple
  3622 | Temple   | Became a worshipper of Hepliaklqana the Forgotten
  3767 | D:4      | Noticed an ogre
  3799 | D:4      | Killed an ogre
  3800 | D:4      | Gained mutation: You have an unusually large brain. (Int
                  | +2) [demonic ancestry]
  3800 | D:4      | Reached XP level 6. HP: 24/41 MP: 5/12
  4324 | D:4      | Reached skill level 5 in Spellcasting
  4324 | D:4      | Reached skill level 6 in Ice Magic
  4324 | D:4      | Gained mutation: You are mostly covered in sharp spines.
                  | [demonic ancestry]
  4324 | D:4      | Reached XP level 7. HP: 46/46 MP: 8/14
  4607 | D:5      | Entered Level 5 of the Dungeon
  4828 | D:5      | Reached * piety under Hepliaklqana
  4832 | D:5      | Found a stormy altar of Qazlal.
  4835 | D:5      | Found a blossoming altar of Fedhas.
  5030 | D:5      | Found a shadowy altar of Dithmenos.
  5031 | D:5      | Noticed Blork the orc
  5035 | D:5      | Learned a level 3 spell: Ozocubu's Armour
  5038 | D:5      | Killed Blork the orc
  5592 | D:6      | Reached skill level 7 in Ice Magic
  5768 | D:6      | Gained mutation: You have a small tail. [demonic ancestry]
  5768 | D:6      | Reached XP level 8. HP: 46/46 MP: 13/17
  5835 | D:6      | Reached ** piety under Hepliaklqana
  5836 | D:6      | Remembered your ancestor Stanko as a battlemage
  5854 | D:6      | Reached skill level 8 in Ice Magic
  6024 | D:6      | Found a burning altar of Makhleb.
  6026 | D:6      | Found an opulent altar of Gozag.
  6269 | D:6      | Learned a level 4 spell: Hailstorm
  6328 | D:7      | Reached skill level 1 in Conjurations
  6401 | D:7      | Found a radiant altar of Vehumet.
  6506 | D:7      | Reached skill level 9 in Ice Magic
  6607 | D:7      | Found an ancient bone altar of Kikubaaqudgha.
  6735 | D:7      | Gained mutation: You sometimes gain a little power by
                  | taking damage. [demonic ancestry]
  6735 | D:7      | Reached XP level 9. HP: 40/52 MP: 15/18
  6876 | D:8      | Noticed a troll
  6881 | D:8      | Killed a troll
  6937 | D:8      | Reached skill level 1 in Fighting
  6937 | D:8      | Reached skill level 10 in Ice Magic
  7048 | D:8      | Found a shimmering blue altar of Sif Muna.
  7125 | D:8      | Found a large runed translucent door.
  7125 | D:8      | Found a large runed translucent door.
  7127 | D:8      | Noticed nj0rd12's ghost (novice GnCj)
  7258 | D:8      | Noticed Psyche
  7259 | D:8      | Noticed a seven-headed hydra
  7259 | D:8      | Noticed a skeletal warrior
  7266 | D:8      | Killed Psyche
  7267 | D:8      | Reached skill level 11 in Ice Magic
  7326 | D:8      | Reached skill level 5 in Conjurations
  7344 | D:8      | Killed a seven-headed hydra
  7345 | D:8      | Gained mutation: You have a tail ending in a sharp stinger.
                  | [demonic ancestry]
  7345 | D:8      | Reached XP level 10. HP: 49/58 MP: 19/19
  7358 | D:8      | Reached skill level 1 in Evocations
  7359 | D:8      | Reached skill level 1 in Armour
  7397 | D:8      | Reached *** piety under Hepliaklqana
  7492 | D:8      | Reached skill level 12 in Ice Magic
  7506 | D:8      | Slain by a skeletal warrior

Illustrated notes

Levels and vault maps discovered:
D:1:      nzn_arrival_depleted_hourglass, layout_loops_ring,
          chequers_ecumenical_altar_simple_redux
D:2:      layout_basic
D:3:      cheibrodos_helix_gallery, layout_rooms, serial_shops, shop,
          st_stairs_5, dk_noncrumbling_2
D:4:      layout_basic, minmay_temple_entry_glass, dreamdust_mushroom_princess,
          minmay_ogre_servants
D:5:      layout_loops_ring, grunt_temple_overflow_forces_of_nature,
          nicolae_dithmenos_the_darkroom, uniq_blork_the_orc
D:6:      layout_loops_corners, mainiacjoe_overflow_catwalk_spiral
D:7:      layout_cave_pools, kiku_gazebo_garden_becter,
          mainiacjoe_overflow_boulevard, serial_column_ruins,
          column_ruins_square_medium, column_ruins_open_small,
          column_ruins_grid_2, column_ruins_columns_straight,
          kennysheep_generic_room_2
D:8:      minmay_quarter_circles, layout_basic, led_sif_book,
          ebering_ghost_disaster_area, hex_medium, minmay_starry_boxes,
          uniq_psyche
Temple:   nicolae_temple_x_marks_the_god

Skill      XL: |  1  2  3  4  5  6  7  8  9 10 |
---------------+-------------------------------+-----
Ice Magic      | 4 5 6 7 9 11 12 | 12.0
Spellcasting   | 3 4 5 6 |  6.0
Conjurations   | 3 5 |  5.6
Fighting       | 1 |  1.2
Evocations     | 1 |  1.2
Armour         | 1 |  1.4
Throwing       | |  0.7
Dodging        | |  1.7
Stealth        | |  1.7

Action                   |  1- 3 |  4- 6 |  7- 9 | 10-12 || total
-------------------------+-------+-------+-------+-------++-------
Melee: Short sword       |     8 |       |       |       ||     8
       Dagger            |       |    23 |    60 |     3 ||    86
       Punch             |       |     2 |     3 |     1 ||     6
       Tailslap          |       |       |     6 |     2 ||     8
Throw: Dart              |       |    14 |       |       ||    14
 Cast: Freeze            |    51 |    56 |    55 |     2 ||   164
       Frozen Ramparts   |       |     3 |    11 |     3 ||    17
       Ozocubu's Armour  |       |       |       |     1 ||     1
Invok: Ancestor Identity |       |       |     1 |       ||     1
       Ancestor Life: Ba |       |       |     1 |       ||     1
Evoke: Wand              |       |       |     7 |       ||     7
  Use: Scroll            |       |       |     9 |     1 ||    10
 Stab: Sleeping          |       |       |     2 |       ||     2
Armor: Robe              |    10 |     8 |    39 |       ||    57
       Troll leather arm |       |       |     5 |     5 ||    10
Dodge: Dodged            |    40 |    41 |    86 |    13 ||   180

Table legend: (Time is in decaauts)
 A = Elapsed time spent in this place.
 B = Non-inter-level travel time spent in this place.
 C = Inter-level travel time spent in this place.
 D = Time resting spent in this place.
 E = Time spent auto-exploring this place.
 F = Levels seen in this place.
 G = Mean time per level.
                   A        B        C        D        E       F      G
               +--------+--------+--------+--------+--------+-----+--------+
         Total |   7485 |   7277 |    208 |    705 |   4890 |   9 |  831.7 |
       Dungeon |   7341 |   7133 |    208 |    705 |   4890 |   8 |  917.6 |
        Temple |    143 |    143 |      0 |      0 |      0 |   1 |  143.0 |
               +--------+--------+--------+--------+--------+-----+--------+

Top non-repeatable levels by time:
     D:1: 1420 daAuts
     D:4: 1296 daAuts
     D:2: 1036 daAuts
     D:6: 973 daAuts
     D:5: 731 daAuts
     D:3: 709 daAuts
     D:7: 597 daAuts
     D:8: 576 daAuts
  Temple: 143 daAuts
